 Dungeon Crawl Stone Soup version 0.29.0-4-gdea44cf6ec (webtiles) character file.

Game seed: 4018729080342025253

5 qw the Firebug (level 1, -3/15 HPs)
             Began as a Ghoul Fire Elementalist on Aug 29, 2022.
             Slain by a goblin
             ... wielding a +0 club
              (4 damage)
             ... on level 1 of the Dungeon.
             The game lasted 00:00:20 (230 turns).

qw the Firebug (Ghoul Fire Elementalist)             Turns: 230, Time: 00:00:20

Health: -3/15      AC:  2    Str: 11    XL:     1   Next: 80%
Magic:  2/2        EV: 12    Int: 10    God:
Gold:   22         SH:  0    Dex:  9    Spells: 2/3 levels left

rFire   . . .      SeeInvis .     - Unarmed
rCold   + . .      Faith    .   (no shield)
rNeg    + + +      Spirit   .   a - +0 robe
rPois   inf        Reflect  .   (no helmet)
rElec   .          Harm     .   (no cloak)
rCorr   .          Rampage  .   (no gloves)
Will    .....                   (no boots)
Stlth   ++........              (no amulet)
HPRegen 0.00/turn               (no ring)
MPRegen 0.08/turn               (no ring)

@: inhibited regen
A: claws 1, cold resistance 1, negative energy resistance 3, inhibited
regeneration, torment resistance 2, devour on kill
a: no special abilities


You were on level 1 of the Dungeon.
You visited 1 branch of the dungeon, and saw 1 of its levels.

You collected 22 gold pieces.


Innate Abilities, Weirdness & Mutations

You are immune to poison.
You have sharp fingernails.
Your flesh is cold resistant. (rC+)
You are immune to negative energy. (rN+++)
You do not regenerate when monsters are visible.
You are immune to unholy pain and torment.
You thrive by killing the living.


   Skills:
 + Level 0.7 Fighting
 - Level 1.7 Dodging
 - Level 2.1 Stealth
 - Level 1.0 Unarmed Combat
 - Level 1.7 Spellcasting
 - Level 0.7 Conjurations
 - Level 2.4 Fire Magic


You had 2 spell levels left.
You knew the following spells:

 Your Spells              Type           Power      Damage    Failure   Level
a - Foxfire               Conj/Fire      16%        2x1d4     17%         1

Your spell library contained the following spells:

 Spells                   Type           Power      Damage    Failure   Level
 Scorch                   Fire           10%        2d6       19%         2
 Conjure Flame            Conj/Fire      4%         6-21      45%         3
 Inner Flame              Hex/Fire       3%         N/A       52%         3
 Flame Wave               Conj/Fire      4%         2d5       86%         4

Inventory:

Armour
 a - a +0 robe (worn)
 d - a +0 leather armour
 e - a +0 buckler
Scrolls
 c - 2 scrolls of teleportation {unknown}
Potions
 b - a potion of magic

Dungeon Overview and Level Annotations

Branches:
Dungeon (1/15)

Altars:


Message History

212 ||| Stepping ~*~*~tactically~*~*~ (outnumbered).
The goblin attacks as you move away! The goblin hits you but does no damage.
213 ||| Stepping ~*~*~tactically~*~*~ (outnumbered).
The kobold attacks as you move away! The kobold hits you with a +0 whip.
Found a silvery potion.
214 ||| Stepping ~*~*~tactically~*~*~ (outnumbered).
The goblin attacks as you move away! The goblin closely misses you.
215 ||| Stepping ~*~*~tactically~*~*~ (outnumbered).
The kobold attacks as you move away! The kobold hits you but does no damage.
A quokka comes into view.
216 ||| Stepping ~*~*~tactically~*~*~ (outnumbered).
217 ||| Stepping ~*~*~tactically~*~*~ (outnumbered).
The kobold attacks as you move away! The kobold misses you.
218 ||| Stepping ~*~*~tactically~*~*~ (outnumbered).
A goblin opens the huge gate.
Found 6 gold pieces.
Found a faded altar of an unknown god.
You scratch the kobold but do no damage.
The kobold hits you with a +0 whip.
220 ||| Stepping ~*~*~tactically~*~*~ (outnumbered).
There is a huge open gate here.
221 ||| Stepping ~*~*~tactically~*~*~ (outnumbered).
The goblin attacks as you move away! The goblin hits you with a +0 club.
There is a huge open gate here.
222 ||| Stepping ~*~*~tactically~*~*~ (outnumbered).
223 ||| Stepping ~*~*~tactically~*~*~ (outnumbered).
Found a pink potion.
224 ||| Stepping ~*~*~tactically~*~*~ (outnumbered).
A kobold comes into view. It is wielding a +0 dagger.
225 ||| Stepping ~*~*~tactically~*~*~ (outnumbered).
The kobold attacks as you move away! The kobold hits you with a +0 whip.
The goblin attacks as you move away! The goblin misses you.
226 ||| Stepping ~*~*~tactically~*~*~ (outnumbered).
227 ||| Stepping ~*~*~tactically~*~*~ (outnumbered).
The kobold attacks as you move away! The kobold hits you but does no damage.
228 ||| Stepping ~*~*~tactically~*~*~ (outnumbered).
You completely miss the goblin. The kobold barely misses you.
The goblin hits you with a +0 club.
You closely miss the goblin. Your claw misses the goblin.
The goblin hits you with a +0 club.
You die...

........'''''.......#
...#...'''''.......#
K.!....#...........#
#.####..^.........####
..........$......# ##
###.................
+.r...............
#gK....#..........
#@.....#..........
####...#.........#
#####...... ...


You could see a quokka, a goblin and a kobold.

Vanquished Creatures
  A dart slug (D:1)
  An endoplasm (D:1)
  A frilled lizard (D:1)
  A rat (D:1)
4 creatures vanquished.

Notes
Turn   | Place    | Note
-------+----------+-------------------------------------------
     0 | D:1      | qw the Ghoul Fire Elementalist began the quest for the Orb.
     0 | D:1      | Reached XP level 1. HP: 14/14 MP: 2/2
     0 | D:1      | 0 ||| qw: Version: 0.1-a-90-g952f4b7
     0 | D:1      | 0 ||| qw: Game counter: 4062
     0 | D:1      | 0 ||| qw: Always use a shield: true
     0 | D:1      | 0 ||| qw: God list: Okawaru
     0 | D:1      | 0 ||| qw: Allow faded altars: false
     0 | D:1      | 0 ||| qw: Do Orc after D:15 true
     0 | D:1      | 0 ||| qw: Do second Lair branch before Depths: true
     0 | D:1      | 0 ||| qw: Lair rune preference: random
     0 | D:1      | 0 ||| qw: Plans: Normal
     0 | D:1      | 0 ||| PLANNING D:1-11
    79 | D:1      | Reached skill level 1 in Unarmed Combat
   113 | D:1      | 113 ||| Stepping ~*~*~tactically~*~*~ (outnumbered).
   114 | D:1      | 114 ||| Stepping ~*~*~tactically~*~*~ (outnumbered).
   115 | D:1      | 115 ||| Stepping ~*~*~tactically~*~*~ (outnumbered).
   116 | D:1      | 116 ||| Stepping ~*~*~tactically~*~*~ (outnumbered).
   117 | D:1      | 117 ||| Stepping ~*~*~tactically~*~*~ (outnumbered).
   118 | D:1      | 118 ||| Stepping ~*~*~tactically~*~*~ (outnumbered).
   119 | D:1      | 119 ||| Stepping ~*~*~tactically~*~*~ (outnumbered).
   121 | D:1      | 121 ||| Stepping ~*~*~tactically~*~*~ (outnumbered).
   123 | D:1      | 123 ||| Stepping ~*~*~tactically~*~*~ (outnumbered).
   124 | D:1      | 124 ||| Stepping ~*~*~tactically~*~*~ (outnumbered).
   125 | D:1      | 125 ||| Stepping ~*~*~tactically~*~*~ (outnumbered).
   126 | D:1      | 126 ||| Stepping ~*~*~tactically~*~*~ (outnumbered).
   210 | D:1      | 210 ||| Stepping ~*~*~tactically~*~*~ (outnumbered).
   211 | D:1      | 211 ||| Stepping ~*~*~tactically~*~*~ (outnumbered).
   212 | D:1      | 212 ||| Stepping ~*~*~tactically~*~*~ (outnumbered).
   213 | D:1      | 213 ||| Stepping ~*~*~tactically~*~*~ (outnumbered).
   214 | D:1      | 214 ||| Stepping ~*~*~tactically~*~*~ (outnumbered).
   215 | D:1      | 215 ||| Stepping ~*~*~tactically~*~*~ (outnumbered).
   216 | D:1      | 216 ||| Stepping ~*~*~tactically~*~*~ (outnumbered).
   217 | D:1      | 217 ||| Stepping ~*~*~tactically~*~*~ (outnumbered).
   218 | D:1      | 218 ||| Stepping ~*~*~tactically~*~*~ (outnumbered).
   218 | D:1      | Found a faded altar of an unknown god.
   220 | D:1      | 220 ||| Stepping ~*~*~tactically~*~*~ (outnumbered).
   221 | D:1      | 221 ||| Stepping ~*~*~tactically~*~*~ (outnumbered).
   221 | D:1      | HP: 3/15 [goblin/+0 club (3)]
   222 | D:1      | 222 ||| Stepping ~*~*~tactically~*~*~ (outnumbered).
   223 | D:1      | 223 ||| Stepping ~*~*~tactically~*~*~ (outnumbered).
   224 | D:1      | 224 ||| Stepping ~*~*~tactically~*~*~ (outnumbered).
   225 | D:1      | 225 ||| Stepping ~*~*~tactically~*~*~ (outnumbered).
   226 | D:1      | 226 ||| Stepping ~*~*~tactically~*~*~ (outnumbered).
   227 | D:1      | 227 ||| Stepping ~*~*~tactically~*~*~ (outnumbered).
   228 | D:1      | 228 ||| Stepping ~*~*~tactically~*~*~ (outnumbered).
   229 | D:1      | HP: 1/15 [goblin/+0 club (1)]
   230 | D:1      | Slain by a goblin

Levels and vault maps discovered:
D:1:      saegor_arrival_simple_d, layout_basic,
          hellmonk_ecumenical_altar_heavens_door, minmay_misc_feat_pillars

Skill      XL: |  1 |
---------------+----+-----
Unarmed Combat | 1 |  1.0
Fighting       | |  0.7
Dodging        | |  1.7
Stealth        | |  2.1
Spellcasting   | |  1.7
Conjurations   | |  0.7
Fire Magic     | |  2.4

Action                   || total
-------------------------++-------
Melee: Unarmed           ||    22
Armor: Robe              ||     6
Dodge: Dodged            ||    16

Table legend:
 A = Non-vault XP
 B = Vault XP
 C = Vault XP percentage of total XP
 D = Non-vault monster count
 E = Vault monster count
 F = Vault count percentage of total count
                 A         B        C        D         E       F
            +---------+---------+-------+---------+---------+-------
      Total |       8 |       0 |   0.0 |       4 |       0 |   0.0
            +---------+---------+-------+---------+---------+-------
        D:1 |       8 |       0 |   0.0 |       4 |       0 |   0.0
            +---------+---------+-------+---------+---------+-------
